 Dungeon Crawl Stone Soup version 0.27.1-1-g398f81649c (webtiles) character file.

Game seed: 18232130812862235001

2695 jlumianski the Cleaver (level 9, -2/68 (72) HPs)
             Began as a Deep Dwarf Fighter on Sept 12, 2021.
             Was a Follower of Makhleb.
             Killed from afar by a steam dragon (22 damage)
             ... with a ball of steam
             ... on level 7 of the Dungeon.
             The game lasted 00:35:07 (6149 turns).

jlumianski the Cleaver (Deep Dwarf Fighter)         Turns: 6149, Time: 00:35:08

HP:   -2/68 (72)    AC: 11    Str: 24    XL:     9   Next: 38%
MP:   5/5           EV:  9    Int: 10    God:    Makhleb [*.....]
Gold: 318           SH: 10    Dex: 12    Spells: 8/8 levels left

rFire    . . .     SeeInvis .   t - +1 broad axe
rCold    + . .     Faith    .   c - +0 kite shield
rNeg     . . .     Spirit   .   b - +0 scale mail
rPois    .         Reflect  .   q - +2 helmet
rElec    .         Harm     .   (no cloak)
rCorr    .         Rampage  .   (no gloves)
Will     +....                  (no boots)
Stlth    ..........             (no amulet)
HPRegen  0.00/turn              v - ring of protection from cold
MPRegen  0.09/turn              (no ring)

@: drained
A: damage resistance, heal wounds, sense surroundings 2, no regeneration, hooves
1, clever 1, frail 1, high mp 1
a: Heal Wounds, Renounce Religion


You were on level 7 of the Dungeon.
You worshipped Makhleb.
Makhleb was aware of your devotion.
You visited 1 branch of the dungeon, and saw 7 of its levels.
You also visited: Sewer.

You collected 318 gold pieces.

Inventory:

Hand Weapons
 a - a +0 war axe
 p - a +2 dagger of draining
 t - a +1 broad axe (weapon)
 w - a +1 spear of flaming
 x - a +2 vampiric dagger
 G - a +4 hand axe
 H - a +1 war axe of flaming
Missiles
 i - 29 bolts
 o - 215 stones (quivered)
 u - 42 poisoned darts
Armour
 b - a +0 scale mail (worn)
 c - a +0 kite shield (worn)
 k - a +0 chain mail
 q - a +2 helmet (worn)
Magical Staves
 e - a staff of conjuration
 F - a staff of cold
Jewellery
 v - a ring of protection from cold (left hand)
Wands
 l - a wand of paralysis (14)
 m - a wand of iceblast (3)
 y - a wand of charming (10)
 C - a wand of digging (4)
 E - a wand of flame (24)
Scrolls
 f - a scroll of amnesia
 n - 9 scrolls of teleportation
 r - 3 scrolls of enchant armour
 s - 4 scrolls of identify
Potions
 d - 3 potions of might
 g - a potion of degeneration
 h - a potion of brilliance
 j - 3 potions of haste
 z - 2 potions of curing
 A - 3 potions of invisibility
 B - a potion of mutation
 D - a potion of heal wounds


   Skills:
 + Level 5.3 Fighting
 + Level 2.3 Short Blades
 + Level 8.5 Axes
 + Level 1.4 Throwing
 + Level 8.1 Armour
 + Level 4.7 Dodging
 - Level 3.9 Shields
 + Level 1.0 Evocations


You had 8 spell levels left.
You didn't know any spells.
Your spell library contained the following spells:

 Spells                   Type           Power      Damage    Failure   Level
 Shock                    Conj/Air       0%         1d3       98%         1
 Slow                     Hex            0%         N/A       99%         2
 Confusing Touch          Hex            0%         N/A       100%        3
 Swiftness                Air            0%         N/A       100%        3
 Airstrike                Air            0%         N/A       100%        4
 Summon Lightning Spire   Summ/Air       0%         N/A       100%        4
 Lightning Bolt           Conj/Air       0%         1d11      100%        5
 Yara's Violent Unravell  Hex/Tmut       0%         3d3       100%        5


Dungeon Overview and Level Annotations

Branches:
Dungeon (7/15)              Sewer (visited)
 Temple: D:4-7

Altars:
Ashenzari
Cheibriados
Elyvilon
Fedhas
Makhleb
Sif Muna
Uskayaw
Wu Jian
Xom
Zin
The Shining One


Innate Abilities, Weirdness & Mutations

You are resistant to damage.
You can heal yourself by infusing magical energy.
You passively map the area around you.
You do not regenerate.
You have large cloven feet.
Your mind is acute. (Int +2)
You are frail. (-10% HP)
You have an increased reservoir of magic. (+10% MP)


Message History

Your shield and scale mail prevent you from hitting the wight.
Your kick misses the wight.
The wight is heavily damaged.
You block the wight's attack. The wight hits you with a +4 dagger.
You slash the wight!
You destroy the wight!
Makhleb accepts your kill.
Items here: )) [[.
There are no items here.
Items here: )) [[.
H - a +1 war axe of flaming
o - 215 stones (gained 1)
A steam dragon comes into view.
The steam dragon hisses angrily.
The steam dragon breathes steam at you. The ball of steam misses you.
You hear a croak.
You are engulfed in a cloud of scalding steam.
A bullfrog comes into view.
You are engulfed in a cloud of scalding steam.
You are engulfed in a cloud of scalding steam.
The steam dragon barely misses you.
The steam dragon claws you but does no damage.
You hit the steam dragon. Your kick misses the steam dragon.
The steam dragon is lightly wounded.
You are engulfed in a cloud of scalding steam.
* * * LOW HITPOINT WARNING * * *
The steam dragon barely misses you.
The steam dragon claws you but does no damage.
The steam dragon completely misses you. The steam dragon misses you.
You barely miss the steam dragon. You kick the steam dragon.
The steam dragon is moderately wounded.
The steam dragon bites you but does no damage.
The steam dragon barely misses you.
Your scale mail prevents you from hitting the steam dragon.
You kick the steam dragon.
The steam dragon is heavily wounded.
The steam dragon breathes steam at you. The ball of steam hits you!!
You die...

.##.####.# #.#
.....###.###.##### *,
..#..............# ,
.....###.###.###.###.#
.......>.# #.........#
##...##### #####.#####
##.## #.# #.# #.# #.#
#@# *+# #D# , #F#*
#..* * * ##. * .# ,, ,
, .# , , * < *.#* , *
* ,,, ,*


You could see a steam dragon (catching breath) and a bullfrog.

Vanquished Creatures
  Sigmund (D:3)
  2 yaks (D:6)
  A water moccasin (D:7)
  Duvessa (D:6)
  An ogre (D:5)
  A phantom (D:6)
  A kobold brigand (Sewer)
  Blork the orc (D:6)
  2 bullfrogs
  2 scorpions (D:4)
  Dowan (D:6)
  6 wights (D:7)
  5 killer bees (D:5)
  A centaur zombie (D:6)
  2 bullfrog skeletons
  3 hounds
  2 orc priests (D:6)
  A centaur skeleton (D:6)
  2 gnoll shamans
  A jelly (D:5)
  An iguana (D:5)
  2 orc wizards (D:4)
  Terence (D:1)
  Robin (D:2)
  17 gnolls
  10 adders
  8 river rats (Sewer)
  4 worms
  11 orcs
  9 ball pythons
  10 bats
  8 endoplasms
  3 giant cockroaches
  18 goblins
  7 hobgoblins
  4 jackals (D:1)
  2 quokkas (D:3)
  4 frilled lizards
  22 kobolds
  23 rats
202 creatures vanquished.

Vanquished Creatures (collateral kills)
  A yak (D:6)
1 creature vanquished.

Vanquished Creatures (others)
  A killer bee (D:5)
  9 fungi (D:4)
10 creatures vanquished.

Grand Total: 213 creatures vanquished

Notes
Turn   | Place    | Note
-------+----------+-------------------------------------------
     0 | D:1      | jlumianski the Deep Dwarf Fighter began the quest for the
                  | Orb.
     0 | D:1      | Reached XP level 1. HP: 20/20 MP: 1/1
   170 | D:1      | Reached XP level 2. HP: 25/27 MP: 2/2
   409 | D:1      | Reached XP level 3. HP: 26/33 MP: 3/3
   455 | D:1      | Found a faded altar of an unknown god.
  1003 | D:2      | Noticed Terence
  1014 | D:1      | Killed Terence
  1108 | D:2      | Reached XP level 4. HP: 24/40 MP: 4/4
  1187 | D:2      | Noticed Robin
  1244 | D:2      | Killed Robin
  1245 | D:2      | Reached skill level 1 in Dodging
  1872 | D:3      | Found a broken altar of Ashenzari.
  1992 | D:2      | Reached XP level 5. HP: 46/49 MP: 5/5
  2175 | D:3      | Found a glowing drain.
  2196 | Sewer    | Entered a sewer
  2460 | Sewer    | Reached XP level 6. HP: 56/56 MP: 6/6
  2552 | Sewer    | Gained mutation: You have an increased reservoir of magic.
                  | (+10% MP) [potion of mutation]
  2552 | Sewer    | Gained mutation: You have large cloven feet. [potion of
                  | mutation]
  2552 | Sewer    | Gained mutation: You are frail. (-10% HP) [potion of
                  | mutation]
  2552 | Sewer    | Gained mutation: Your mind is acute. (Int +2) [potion of
                  | mutation]
  2607 | Sewer    | Reached skill level 5 in Axes
  2873 | D:3      | Noticed Sigmund
  2903 | D:3      | Killed Sigmund
  2904 | D:3      | Reached XP level 7. HP: 30/56 MP: 7/7
  3439 | D:4      | Found a hide-covered altar of Uskayaw.
  3541 | D:4      | Reached skill level 1 in Short Blades
  3857 | D:4      | Found a blossoming altar of Fedhas.
  3968 | D:4      | Reached skill level 5 in Armour
  4074 | D:5      | Entered Level 5 of the Dungeon
  4099 | D:5      | Found a glowing golden altar of the Shining One.
  4196 | D:5      | Found a burning altar of Makhleb.
  4202 | D:5      | Became a worshipper of Makhleb the Destroyer
  4260 | D:5      | Reached XP level 8. HP: 31/65 MP: 8/8
  4527 | D:5      | HP: 2/65 [ogre (20)]
  5062 | D:6      | Noticed Duvessa
  5062 | D:6      | Noticed Dowan
  5079 | D:6      | Killed Dowan
  5095 | D:6      | HP: 2/65 [Duvessa (10)]
  5097 | D:6      | Killed Duvessa
  5213 | D:6      | Reached skill level 5 in Fighting
  5327 | D:6      | Gained mutation: You passively map the area around you.
                  | [Deep Dwarf growth]
  5327 | D:6      | Reached XP level 9. HP: 27/72 MP: 5/5
  5332 | D:6      | Reached skill level 1 in Evocations
  5354 | D:6      | Noticed Blork the orc
  5367 | D:6      | Killed Blork the orc
  5404 | D:6      | Reached * piety under Makhleb
  5469 | D:6      | Found a white marble altar of Elyvilon.
  5469 | D:6      | Found an ornate altar of the Wu Jian Council.
  5476 | D:6      | Found a shimmering altar of Xom.
  5478 | D:6      | Found a snail-covered altar of Cheibriados.
  5480 | D:6      | Found a shimmering blue altar of Sif Muna.
  5789 | D:6      | Found a glowing silver altar of Zin.
  5978 | D:7      | Reached skill level 1 in Throwing
  6149 | D:7      | Killed from afar by a steam dragon

Illustrated notes

Levels and vault maps discovered:
D:1:      dpeg_arrival_subterranean_lakeside_camping, layout_basic,
          ebering_ecumenical_altar_webs
D:2:      layout_basic, serial_glass, glass_columns_c, glass_columns_a,
          minivault_24, minmay_pentomino_r4, uniq_terence, uniq_robin
D:3:      layout_loops_corners, cheibrodos_ashenzari_chains,
          cheibrodos_sewer_entry_bend, hangedman_decor_slide_cut, uniq_sigmund
D:4:      layout_basic, nicolae_uskayaw_murder_on_the_dancefloor,
          mainiacjoe_overflow_cross_hatched
D:5:      layout_basic, kennysheep_little_box, lemuel_round_altar,
          kennysheep_small_spiral
D:6:      layout_loops_ring, zin_treasury, chequers_temple_overflow_minitemple,
          uniq_duvessa, uniq_blork_the_orc
D:7:      layout_loops_corners, minmay_temple_entry_stoned_glass

Skill      XL: |  1  2  3  4  5  6  7  8  9 |
---------------+----------------------------+-----
Axes           | 3 4 5 6 7 8 |  8.5
Fighting       | 3 4 5 |  5.3
Dodging        | 1 2 3 4 |  4.7
Armour         | 4 5 7 8 |  8.1
Short Blades   | 1 2 |  2.3
Evocations     | 1 |  1.0
Throwing       | 1 |  1.4
Shields        | |  3.9

Action                   |  1- 3 |  4- 6 |  7- 9 || total
-------------------------+-------+-------+-------++-------
Melee: War axe           |    99 |    69 |       ||   168
       Broad axe         |       |   133 |   158 ||   291
       Dagger            |       |    50 |   186 ||   236
       Kick              |       |     5 |   111 ||   116
Throw: Stone             |     2 |    10 |     6 ||    18
       Dart              |       |     3 |    15 ||    18
 Abil: Heal Wounds       |     1 |     2 |    11 ||    14
Evoke: Wand              |       |       |     7 ||     7
  Use: Scroll            |       |     6 |     3 ||     9
       Potion            |       |     7 |     3 ||    10
Armor: Scale mail        |    64 |   156 |   151 ||   371
Dodge: Dodged            |    35 |    99 |   139 ||   273
Block: Kite shield       |    69 |   174 |   204 ||   447
